[ PARTIDA AOE2 · #495295957 ]
UnrankedEslavos vs Poles
Equipo del jugador · DERR
Equipo rival · VICT
[ ANÁLISIS DE REPETICIÓN · EXTRAÍDO DE LA PARTIDA GRABADA ]
Feudal
8:43
Castillos
20:53
Imperial
46:33
| APM promedio | 50.0 |
| APM pico | 84 |
| eAPM promedio | 26.4 |
| Aldeanos / militares | 177 / 236 |
Foco
⚔️ 38.0% · 🌾 62.0%
Scout Cavalry ×65 · Knight ×57 · Spearman ×52 · Skirmisher ×35 · Monk ×25 · Archer ×1
Feudal
9:35
Castillos
22:21
Imperial
44:24
| APM promedio | 69.7 |
| APM pico | 124 |
| eAPM promedio | 37.9 |
| Aldeanos / militares | 175 / 268 |
Foco
⚔️ 45.6% · 🌾 54.4%
Cavalry Archer ×102 · Knight ×82 · Scout Cavalry ×68 · Monk ×10 · Spearman ×3 · Archer ×2
Mapa de la partida
Recursos iniciales + cada clic de construcción. Líneas = muros · curvas = relieve. ◆ oro · ⬟ piedra · ● bayas · ✦ reliquia · ◌ hueco del cierre
Tu base· Abierta — el rival se encerró
Base de [LaCD] Nicolaqui· ✓ Cerrada en 22:21 · 43t muro · 2 puerta(s)
Terreno inicial suavizado · ◌ = hueco del cierre detectado · pasá el cursor para detalles
Inputs por minuto
— Leto Apor - - [LaCD] Nicolaqui
Build order — Leto Apor
Primeras 150 de 561 acciones detectadas
| 0:01 | Crear | Villager (Male) |
| 0:01 | Crear | Villager (Male) |
| 0:02 | Construir | House |
| 0:05 | Construir | House |
| 0:10 | Crear | Villager (Male) |
| 0:10 | Crear | Villager (Male) |
| 0:10 | Crear | Villager (Male) |
| 1:26 | Crear | Villager (Male) |
| 1:26 | Crear | Villager (Male) |
| 1:49 | Crear | Villager (Male) |
| 1:49 | Crear | Villager (Male) |
| 2:23 | Crear | Villager (Male) |
| 2:23 | Crear | Villager (Male) |
| 2:32 | Construir | Lumber Camp |
| 2:50 | Crear | Villager (Male) |
| 2:50 | Crear | Villager (Male) |
| 2:50 | Crear | Villager (Male) |
| 2:50 | Crear | Villager (Male) |
| 3:20 | Construir | House |
| 3:23 | Crear | Villager (Male) |
| 3:23 | Crear | Villager (Male) |
| 3:23 | Crear | Villager (Male) |
| 3:54 | Crear | Villager (Male) |
| 3:54 | Crear | Villager (Male) |
| 4:15 | Crear | Villager (Male) |
| 4:15 | Crear | Villager (Male) |
| 4:58 | Crear | Villager (Male) |
| 5:37 | Crear | Villager (Male) |
| 5:40 | Investigar | Loom |
| 5:40 | Investigar | Loom |
| 5:47 | Construir | Mill |
| 6:33 | Investigar | Feudal Age |
| 6:33 | Investigar | Feudal Age |
| 6:33 | Investigar | Feudal Age |
| 7:53 | Crear | Villager (Male) |
| 8:05 | Construir | Barracks |
| 8:37 | Crear | Villager (Male) |
| 8:43 | Edad | Edad Feudal |
| 8:55 | Construir | Stable |
| 9:09 | Crear | Spearman |
| 9:22 | Investigar | Double-Bit Axe |
| 9:23 | Investigar | Double-Bit Axe |
| 9:24 | Crear | Villager (Male) |
| 9:34 | Crear | Scout Cavalry |
| 9:34 | Crear | Scout Cavalry |
| 9:47 | Crear | Spearman |
| 9:51 | Crear | Villager (Male) |
| 10:25 | Crear | Villager (Male) |
| 10:50 | Crear | Villager (Male) |
| 10:54 | Crear | Scout Cavalry |
| 11:03 | Crear | Villager (Male) |
| 11:05 | Crear | Spearman |
| 11:24 | Crear | Villager (Male) |
| 11:46 | Crear | Spearman |
| 12:07 | Crear | Villager (Male) |
| 12:11 | Investigar | Horse Collar |
| 12:11 | Investigar | Horse Collar |
| 12:11 | Investigar | Horse Collar |
| 12:37 | Crear | Villager (Male) |
| 12:39 | Construir | Farm |
| 12:41 | Construir | Farm |
| 12:41 | Construir | Farm |
| 12:45 | Construir | Farm |
| 12:46 | Construir | Farm |
| 12:47 | Construir | Farm |
| 13:10 | Crear | Villager (Male) |
| 13:11 | Crear | Villager (Male) |
| 13:16 | Construir | House |
| 13:19 | Construir | Farm |
| 13:57 | Construir | House |
| 14:01 | Construir | Lumber Camp |
| 14:05 | Construir | Mining Camp |
| 14:05 | Crear | Villager (Male) |
| 14:07 | Construir | Farm |
| 14:11 | Construir | Farm |
| 14:24 | Crear | Spearman |
| 14:27 | Construir | Archery Range |
| 14:30 | Crear | Villager (Male) |
| 14:37 | Construir | Palisade Wall |
| 14:40 | Construir | Palisade Wall |
| 14:41 | Construir | House |
| 14:47 | Construir | Farm |
| 14:48 | Crear | Villager (Male) |
| 15:07 | Construir | Palisade Wall |
| 15:14 | Construir | Palisade Wall |
| 15:20 | Crear | Villager (Male) |
| 15:27 | Crear | Villager (Male) |
| 15:31 | Construir | Farm |
| 15:35 | Crear | Archer |
| 15:41 | Crear | Villager (Male) |
| 15:46 | Construir | Blacksmith |
| 15:48 | Construir | House |
| 16:35 | Crear | Spearman |
| 16:48 | Crear | Villager (Male) |
| 16:51 | Construir | Farm |
| 16:53 | Construir | Farm |
| 16:56 | Construir | Farm |
| 17:06 | Construir | Farm |
| 17:07 | Construir | Farm |
| 17:08 | Construir | Farm |
| 17:15 | Construir | Farm |
| 17:17 | Construir | Farm |
| 17:21 | Construir | Farm |
| 17:24 | Construir | Farm |
| 17:35 | Construir | Palisade Wall |
| 17:46 | Crear | Villager (Male) |
| 17:55 | Construir | Farm |
| 18:13 | Investigar | Castle Age |
| 18:13 | Investigar | Castle Age |
| 18:30 | Crear | Scout Cavalry |
| 18:45 | Investigar | Gold Mining |
| 18:46 | Investigar | Gold Mining |
| 19:08 | Construir | Palisade Wall |
| 19:22 | Investigar | Bloodlines |
| 19:22 | Investigar | Bloodlines |
| 19:31 | Construir | Stable |
| 19:37 | Crear | Villager (Male) |
| 19:40 | Investigar | Forging |
| 19:50 | Construir | House |
| 19:52 | Construir | House |
| 20:41 | Construir | House |
| 20:43 | Construir | House |
| 20:49 | Construir | Palisade Wall |
| 20:52 | Construir | House |
| 20:53 | Edad | Edad de los Castillos |
| 20:56 | Crear | Knight |
| 21:17 | Construir | Town Center |
| 21:20 | Crear | Villager (Male) |
| 21:36 | Crear | Knight |
| 21:37 | Crear | Knight |
| 21:50 | Crear | Villager (Male) |
| 21:55 | Crear | Knight |
| 21:55 | Crear | Knight |
| 22:03 | Construir | House |
| 22:04 | Construir | Palisade Wall |
| 22:16 | Crear | Villager (Male) |
| 22:25 | Crear | Knight |
| 22:25 | Crear | Knight |
| 22:33 | Investigar | Bow Saw |
| 22:33 | Investigar | Bow Saw |
| 22:36 | Investigar | Heavy Plow |
| 22:36 | Investigar | Heavy Plow |
| 22:38 | Crear | Villager (Male) |
| 22:44 | Investigar | Gold Shaft Mining |
| 22:44 | Investigar | Gold Shaft Mining |
| 22:53 | Investigar | Husbandry |
| 22:54 | Investigar | Husbandry |
| 22:57 | Crear | Knight |
| 23:04 | Crear | Villager (Male) |
| 23:14 | Crear | Villager (Male) |
Build order — [LaCD] Nicolaqui
Primeras 150 de 661 acciones detectadas
| 0:04 | Crear | Villager (Male) |
| 0:04 | Crear | Villager (Male) |
| 0:04 | Crear | Villager (Male) |
| 0:05 | Crear | Villager (Male) |
| 0:05 | Crear | Villager (Male) |
| 0:08 | Construir | House |
| 0:10 | Construir | House |
| 1:28 | Crear | Villager (Male) |
| 1:29 | Crear | Villager (Male) |
| 1:43 | Crear | Villager (Male) |
| 1:43 | Crear | Villager (Male) |
| 1:43 | Crear | Villager (Male) |
| 2:22 | Crear | Villager (Male) |
| 2:22 | Crear | Villager (Male) |
| 2:22 | Crear | Villager (Male) |
| 2:24 | Construir | Lumber Camp |
| 2:52 | Crear | Villager (Male) |
| 2:53 | Crear | Villager (Male) |
| 2:53 | Crear | Villager (Male) |
| 3:31 | Crear | Villager (Male) |
| 3:32 | Crear | Villager (Male) |
| 3:33 | Crear | Villager (Male) |
| 3:34 | Crear | Villager (Male) |
| 4:07 | Construir | Mill |
| 4:14 | Crear | Villager (Male) |
| 4:14 | Crear | Villager (Male) |
| 4:39 | Crear | Villager (Male) |
| 5:01 | Crear | Villager (Male) |
| 5:01 | Crear | Villager (Male) |
| 5:01 | Crear | Villager (Male) |
| 6:19 | Crear | Villager (Male) |
| 6:20 | Investigar | Loom |
| 7:25 | Investigar | Feudal Age |
| 8:13 | Construir | Lumber Camp |
| 8:43 | Construir | Barracks |
| 9:12 | Crear | Villager (Male) |
| 9:22 | Construir | Palisade Wall |
| 9:29 | Construir | House |
| 9:32 | Construir | House |
| 9:35 | Edad | Edad Feudal |
| 9:42 | Crear | Spearman |
| 10:00 | Crear | Villager (Male) |
| 10:04 | Construir | Stable |
| 10:11 | Construir | Palisade Wall |
| 10:14 | Construir | Palisade Wall |
| 10:16 | Construir | Palisade Wall |
| 10:20 | Crear | Villager (Male) |
| 10:24 | Investigar | Double-Bit Axe |
| 10:39 | Construir | House |
| 10:57 | Crear | Villager (Male) |
| 11:03 | Crear | Spearman |
| 11:20 | Crear | Villager (Male) |
| 11:29 | Construir | Palisade Wall |
| 11:30 | Construir | Palisade Wall |
| 11:34 | Construir | Palisade Wall |
| 11:43 | Crear | Villager (Male) |
| 11:48 | Crear | Spearman |
| 11:53 | Investigar | Horse Collar |
| 11:53 | Investigar | Horse Collar |
| 12:00 | Construir | House |
| 12:04 | Construir | Palisade Wall |
| 12:32 | Crear | Villager (Male) |
| 12:40 | Construir | Farm |
| 12:41 | Construir | Farm |
| 12:44 | Construir | Farm |
| 12:51 | Construir | House |
| 12:53 | Construir | Palisade Wall |
| 12:57 | Crear | Villager (Male) |
| 13:06 | Construir | Palisade Wall |
| 13:11 | Crear | Villager (Male) |
| 13:18 | Construir | Farm |
| 13:20 | Construir | Farm |
| 13:44 | Crear | Villager (Male) |
| 13:51 | Crear | Scout Cavalry |
| 13:56 | Construir | Mill |
| 14:01 | Construir | Farm |
| 14:02 | Construir | Farm |
| 14:03 | Crear | Villager (Male) |
| 14:27 | Crear | Scout Cavalry |
| 14:31 | Construir | Palisade Gate |
| 14:38 | Crear | Villager (Male) |
| 14:41 | Construir | Farm |
| 14:41 | Construir | Farm |
| 14:43 | Crear | Villager (Male) |
| 14:48 | Construir | Farm |
| 15:05 | Crear | Villager (Male) |
| 15:14 | Crear | Scout Cavalry |
| 15:14 | Crear | Scout Cavalry |
| 15:27 | Construir | Farm |
| 15:29 | Construir | Farm |
| 15:33 | Construir | Farm |
| 15:36 | Crear | Villager (Male) |
| 15:44 | Crear | Scout Cavalry |
| 15:46 | Crear | Villager (Male) |
| 16:08 | Crear | Villager (Male) |
| 16:11 | Construir | Mining Camp |
| 16:21 | Crear | Scout Cavalry |
| 16:41 | Construir | Blacksmith |
| 16:51 | Crear | Villager (Male) |
| 17:21 | Crear | Villager (Male) |
| 17:41 | Crear | Villager (Male) |
| 17:44 | Investigar | Forging |
| 17:44 | Investigar | Forging |
| 17:46 | Crear | Scout Cavalry |
| 17:46 | Crear | Scout Cavalry |
| 17:54 | Construir | House |
| 18:00 | Crear | Villager (Male) |
| 18:07 | Construir | Mill |
| 18:08 | Construir | Farm |
| 18:08 | Construir | Farm |
| 18:08 | Construir | Farm |
| 18:09 | Construir | Farm |
| 18:09 | Construir | Farm |
| 18:09 | Construir | Farm |
| 18:09 | Construir | Farm |
| 18:10 | Construir | Farm |
| 18:10 | Construir | Farm |
| 18:19 | Crear | Scout Cavalry |
| 18:32 | Construir | Farm |
| 18:42 | Crear | Villager (Male) |
| 18:44 | Investigar | Bloodlines |
| 18:44 | Investigar | Bloodlines |
| 18:51 | Investigar | Scale Barding Armor |
| 19:13 | Construir | Stable |
| 19:16 | Crear | Villager (Male) |
| 19:16 | Crear | Villager (Male) |
| 19:33 | Investigar | Castle Age |
| 19:57 | Construir | Palisade Wall |
| 20:07 | Crear | Scout Cavalry |
| 20:07 | Crear | Scout Cavalry |
| 20:13 | Investigar | Bloodlines |
| 20:13 | Investigar | Bloodlines |
| 21:00 | Crear | Scout Cavalry |
| 21:00 | Crear | Scout Cavalry |
| 21:06 | Investigar | Gold Mining |
| 21:29 | Construir | House |
| 21:31 | Construir | House |
| 21:33 | Construir | House |
| 21:39 | Construir | Palisade Gate |
| 21:42 | Construir | House |
| 21:45 | Construir | House |
| 21:53 | Crear | Villager (Male) |
| 22:21 | Edad | Edad de los Castillos |
| 22:24 | Crear | Villager (Male) |
| 22:25 | Construir | Monastery |
| 22:28 | Investigar | Scale Barding Armor |
| 22:30 | Crear | Knight |
| 22:30 | Crear | Knight |
| 22:44 | Construir | House |
| 22:46 | Investigar | Heavy Plow |
Cronología de la partida
| 8:05 | Leto Apor · first_building Barracks |
| 8:43 | Leto Apor · age_up feudal |
| 8:43 | [LaCD] Nicolaqui · first_building Barracks |
| 8:55 | Leto Apor · first_building Stable |
| 9:22 | [LaCD] Nicolaqui · wall_segment Palisade Wall x8 |
| 9:35 | [LaCD] Nicolaqui · age_up feudal |
| 10:04 | [LaCD] Nicolaqui · first_building Stable |
| 10:11 | [LaCD] Nicolaqui · wall_segment Palisade Wall x1 |
| 10:14 | [LaCD] Nicolaqui · wall_segment Palisade Wall x1 |
| 10:16 | [LaCD] Nicolaqui · wall_segment Palisade Wall x1 |
| 11:29 | [LaCD] Nicolaqui · wall_segment Palisade Wall x1 |
| 11:30 | [LaCD] Nicolaqui · wall_segment Palisade Wall x4 |
| 11:34 | [LaCD] Nicolaqui · wall_segment Palisade Wall x7 |
| 12:04 | [LaCD] Nicolaqui · wall_segment Palisade Wall x1 |
| 12:53 | [LaCD] Nicolaqui · wall_segment Palisade Wall x4 |
| 13:06 | [LaCD] Nicolaqui · wall_segment Palisade Wall x15 |
| 14:27 | Leto Apor · first_building Archery Range |
| 14:37 | Leto Apor · wall_segment Palisade Wall x4 |
| 14:40 | Leto Apor · wall_segment Palisade Wall x2 |
| 15:07 | Leto Apor · wall_segment Palisade Wall x1 |
| 15:14 | Leto Apor · wall_segment Palisade Wall x1 |
| 17:35 | Leto Apor · wall_segment Palisade Wall x1 |
| 19:08 | Leto Apor · wall_segment Palisade Wall x1 |
| 19:57 | [LaCD] Nicolaqui · wall_segment Palisade Wall x1 |
| 20:49 | Leto Apor · wall_segment Palisade Wall x1 |
| 20:53 | Leto Apor · age_up castle |
| 22:04 | Leto Apor · wall_segment Palisade Wall x1 |
| 22:21 | [LaCD] Nicolaqui · age_up castle |
| 22:25 | [LaCD] Nicolaqui · first_building Monastery |
| 24:43 | [LaCD] Nicolaqui · wall_segment Palisade Wall x1 |
| 25:06 | [LaCD] Nicolaqui · wall_segment Palisade Wall x1 |
| 25:11 | [LaCD] Nicolaqui · wall_segment Palisade Wall x1 |
| 26:06 | [LaCD] Nicolaqui · wall_segment Palisade Wall x1 |
| 28:09 | Leto Apor · first_building Monastery |
| 32:39 | [LaCD] Nicolaqui · first_building Archery Range |
| 33:43 | [LaCD] Nicolaqui · wall_segment Palisade Wall x1 |
| 34:57 | [LaCD] Nicolaqui · wall_segment Palisade Wall x1 |
| 40:06 | [LaCD] Nicolaqui · first_building Castle |
| 41:01 | [LaCD] Nicolaqui · wall_segment Palisade Wall x1 |
| 41:11 | [LaCD] Nicolaqui · first_market_sell 100 food |
| 41:22 | [LaCD] Nicolaqui · first_market_buy 100 stone |
| 42:19 | Leto Apor · first_market_sell 100 food |
| 44:24 | [LaCD] Nicolaqui · age_up imperial |
| 46:16 | [LaCD] Nicolaqui · wall_segment Stone Wall x21 |
| 46:23 | [LaCD] Nicolaqui · wall_segment Stone Wall x10 |
| 46:33 | Leto Apor · age_up imperial |
| 48:01 | [LaCD] Nicolaqui · wall_segment Stone Wall x8 |
| 51:12 | Leto Apor · resign |
[ ANÁLISIS IA · 1 CRÉDITO ]
¿Qué pasó realmente en esta partida?
Wolo.gg analiza cada decisión: build order, eco, micro, errores típicos por bracket. Análisis personalizado por WhatsApp o Discord en 30 segundos.
Guía civ
Eslavos
Perfil
Leto Apor